 Dungeon Crawl Stone Soup version 0.26.1-11-gd32895ea62 (webtiles) character file.

Game seed: 12993190014379011867

383 nothank2 the Cudgeller (level 6, -8/40 HPs)
             Began as a Gargoyle Fighter on July 12, 2021.
             Mangled by an ogre
             ... wielding a +0 giant club
              (21 damage)
             ... on level 4 of the Dungeon.
             The game lasted 00:03:55 (2421 turns).

nothank2 the Cudgeller (Gargoyle Fighter)           Turns: 2421, Time: 00:03:56

Health: -8/40      AC: 11    Str: 21    XL:     6   Next: 76%
Magic:  6/6        EV:  7    Int:  9    God:
Gold:   209        SH:  9    Dex:  9    Spells: 5/5 levels left

rFire    . . .     SeeInvis .   a - +0 flail
rCold    . . .     Faith    .   c - +0 kite shield
rNeg     + . .     Spirit   .   b - +0 scale mail
rPois    ∞         Reflect  .   (no helmet)
rElec    +         Harm     .   (no cloak)
rCorr    .         Rampage  .   (no gloves)
Will     .....                  (no boots)
Stlth    ..........             (no amulet)
HPRegen  0.13/turn              (no ring)
MPRegen  0.10/turn              (no ring)

@: no status effects
A: negative energy resistance 1, electricity resistance, unbreathing,
petrification resistance, miasma immunity, AC +4
a: no special abilities


You were on level 4 of the Dungeon.
You visited 1 branch of the dungeon, and saw 3 of its levels.

You collected 209 gold pieces.

Inventory:

Hand Weapons
 a - a +0 flail (weapon)
 q - the +5 spear of Wismuoc {vorpal, +Inv rPois Str-3 Dex-5}
   (You took it off an orc on level 4 of the Dungeon)

   It inflicts extra damage upon your enemies.
   It affects your strength (-3).
   It affects your dexterity (-5).
   It protects you from poison.
   It lets you turn invisible.
Armour
 b - a +0 scale mail (worn)
 c - a +0 kite shield (worn)
Scrolls
 e - 2 scrolls of remove curse {unknown}
 h - a scroll of enchant weapon {unknown}
 i - a scroll of random uselessness {unknown}
 j - 5 scrolls of identify {unknown}
 n - a scroll of blinking {unknown}
 p - a scroll of enchant armour {unknown}
Potions
 d - 3 potions of might
 f - a potion of invisibility {unknown}
 g - a potion of flight {unknown}
 k - a potion of berserk rage {unknown}
 l - a potion of curing {unknown}
 m - a potion of ambrosia {unknown}
 o - a potion of magic {unknown}


   Skills:
 + Level 5.3 Fighting
 * Level 5.7 Maces & Flails
 - Level 3.3 Armour
 - Level 3.3 Shields


You had 5 spell levels left.
You didn't know any spells.
Your spell library was empty.

Dungeon Overview and Level Annotations

Branches:
Dungeon (2/15)

Altars:


Innate Abilities, Weirdness & Mutations

You are resistant to torment.
Your stone body is resilient. (AC +4)
You are immune to poison.
You resist negative energy. (rN+)
You are resistant to electric shocks. (rElec)
You can survive without breathing.
You are immune to petrification.
You are immune to miasma.


Message History

You see here a hound corpse.
You completely miss the ogre. The ogre barely misses you.
You sock the ogre!
The ogre is moderately wounded.
You block the ogre's attack.
You hit the ogre.
The ogre is moderately wounded.
The ogre hits you with a +0 giant club!!
Ouch! That really hurt!
* * * LOW HITPOINT WARNING * * *
You are too injured to fight recklessly!
You see here a scroll labelled LAESCH TUQICVER.
You block the ogre's attack.
There is an open door here.
You closely miss the ogre. The ogre completely misses you.
You hit the ogre.
The ogre is lightly wounded.
The ogre hits you with a +0 giant club!!
Ouch! That really hurt!
You die...

####)###### ##'## #.. #.#.....#
##...## ##.# #..#.##.# ##.....##
### .# #.##.##.###.......## ##.##
.#
###.#...#.##..)......####...##.#
...........'.........'.......#.##
#####...#.##.........####........
##..#.###...O...## ##.#.#.##
#..#.# ##..@..## ###.#.# #....#
##...## #.#.# ##.### ##'## #...#
#.# #.# #.### #.# #.# #.# #.####
##.## ### #.#### #)...# ##...##
##.####..... ####.# #.....#
#.#.....#### #†#
##...####...#####


You could see an ogre.

Vanquished Creatures
  An ogre (D:4)
  A scorpion (D:4)
  2 hounds (D:4)
  An orc priest (D:4)
  Natasha (twice) (D:2)
  A howler monkey skeleton (D:4)
  2 adders
  An ooze (D:1)
  A worm (D:4)
  4 dart slugs
  3 leopard geckos
  14 orcs (D:4)
  A ball python (D:1)
  2 giant cockroaches
  7 goblins
  2 hobgoblins (D:1)
  2 jackals (D:1)
  A quokka (D:4)
  3 bats (D:1)
  2 frilled lizards
  3 kobolds
  A rat (D:2)
57 creatures vanquished.

Notes
Turn   | Place    | Note
-------+----------+-------------------------------------------
     0 | D:1      | nothank2 the Gargoyle Fighter began the quest for the Orb.
     0 | D:1      | Reached XP level 1. HP: 14/14 MP: 1/1
   271 | D:1      | Reached XP level 2. HP: 19/19 MP: 2/2
   395 | D:1      | Reached XP level 3. HP: 22/24 MP: 3/3
  1003 | D:2      | Noticed Natasha
  1013 | D:2      | Killed Natasha
  1014 | D:2      | Reached XP level 4. HP: 16/29 MP: 4/4
  1272 | D:2      | Noticed Natasha
  1296 | D:2      | Killed Natasha
  1297 | D:2      | You fall into a shaft and drop 2 floors!
  1507 | D:4      | Reached XP level 5. HP: 34/34 MP: 5/5
  1507 | D:4      | Noticed an ogre
  1520 | D:4      | Killed an ogre
  1528 | D:4      | HP: 1/34 [scorpion (5)]
  1530 | D:4      | Reached skill level 5 in Fighting
  1530 | D:4      | Reached skill level 5 in Maces & Flails
  1530 | D:4      | Reached XP level 6. HP: 2/40 MP: 6/6
  2019 | D:4      | Identified the +5 spear of Wismuoc {vorpal, +Inv rPois
                  | Str-3 Dex-5}
  2421 | D:4      | Mangled by an ogre

Illustrated notes

Levels and vault maps discovered:
D:1:      dpeg_arrival_long_road, layout_basic, minmay_tetromino_o4
D:2:      layout_loops_ring, uniq_natasha
D:4:      layout_loops_corners, kennysheep_boxes

Skill      XL: |  1  2  3  4  5 |
---------------+----------------+-----
Maces & Flails | 3 4 5 |  5.7
Fighting       | 4 5 |  5.3
Armour         | |  3.3
Shields        | |  3.3

Action                   |  1- 3 |  4- 6 || total
-------------------------+-------+-------++-------
Melee: Flail             |    89 |   109 ||   198
Armor: Scale mail        |    39 |    36 ||    75
Dodge: Dodged            |    24 |    28 ||    52
Block: Kite shield       |    40 |    45 ||    85
